 Dungeon Crawl Stone Soup version 0.24-a0-434-gd57e52fea8 (webtiles) character file.

Game seed: 2339643544972093969

137 nikopol the Firebug (level 5, -5/28 HPs)
             Began as a Deep Elf Fire Elementalist on June 16, 2019.
             Slain by Grinder (14 damage)
             ... while paralysed by Grinder
             ... on level 3 of the Dungeon.
             The game lasted 00:09:50 (3288 turns).

nikopol the Firebug (Deep Elf Fire Elementalist)    Turns: 3288, Time: 00:09:51

Health: -5/28      AC:  2    Str:  5    XL:     5   Next: 0%
Magic:  2/13       EV:  2    Int: 21    God:
Gold:   74         SH:  0    Dex: 15    Spells: 2/12 levels left

rFire    . . .     SeeInvis .   m - +0 dagger
rCold    . . .     Gourm    .   (no shield)
rNeg     . . .     Faith    .   a - +0 robe
rPois    .         Spirit   .   (no helmet)
rElec    .         Reflect  .   (no cloak)
rCorr    .         Harm     .   (no gloves)
MR       .....                  (no boots)
Stlth    ++........             (no amulet)
HPRegen  0.09/turn              (no ring)
MPRegen  0.13/turn              (no ring)

@: paralysed, very slightly contaminated
A: no striking features
a: no special abilities


You were on level 3 of the Dungeon.
You were hungry.

You visited 1 branch of the dungeon, and saw 3 of its levels.

You collected 74 gold pieces.

Inventory:

Hand Weapons
 m - a +0 dagger (weapon)
Armour
 a - a +0 robe (worn)
 q - a +1 cloak
Jewellery
 b - a cursed amulet of inaccuracy {unknown}
 n - an uncursed ring of wizardry {unknown}
Scrolls
 d - 4 scrolls of identify {unknown}
 g - a scroll of teleportation {unknown}
 h - 2 scrolls of blinking {unknown}
 j - 3 scrolls of noise {unknown}
 o - a scroll of remove curse {unknown}
Potions
 e - 2 potions of brilliance {unknown}
 f - 2 potions of agility {unknown}
 i - 3 potions of lignification {unknown}
 k - a potion of cancellation {unknown}
 l - a potion of magic {unknown}
 p - a potion of invisibility {unknown}
Comestibles
 c - 7 rations


   Skills:
 + Level 3.0 Dodging
 + Level 2.8 Stealth
 + Level 4.3 Spellcasting
 + Level 2.3 Conjurations
 + Level 4.7 Fire Magic


You had 2 spell levels left.
You knew the following spells:

 Your Spells              Type           Power        Failure   Level  Hunger
a - Flame Tongue          Conj/Fire      ###..        2%          1    None
b - Throw Flame           Conj/Fire      ###...       4%          2    #......
c - Conjure Flame         Conj/Fire      ###.....     8%          3    ##.....
d - Sticky Flame          Conj/Fire      ###.....     26%         4    ####...

Your spell library contained the following spells:

 Spells                   Type           Power        Failure   Level  Hunger
 Inner Flame              Hex/Fire       ##......     13%         3    ##.....
 Fireball                 Conj/Fire      ###.......   58%         5    ######.


Dungeon Overview and Level Annotations

Branches:
Dungeon (3/15)

Altars:

Annotations:
D:3 Grinder


Message History

Grinder gestures at you. Pain shoots through your body!
Casting: Sticky Flame (quite dangerous; 26% risk of failure)
Confirm with . or Enter, or press ? or * to list all spells.
Aiming: Sticky Flame (quite dangerous; 26% risk of failure)
Press: ? - help, Shift-Dir - straight line, f/p - Grinder
Aim: Grinder (moderately wounded)
The sticky flame hits Grinder.
Grinder is heavily wounded.
Grinder is covered in liquid flames!
Grinder burns!
Grinder gestures at you.
You suddenly lose the ability to move!
Grinder burns!
Grinder drinks a potion.
Grinder seems to grow stronger.
Grinder burns!
The hobgoblin hits you but does no damage.
Grinder hits you!
You writhe in agony.
Grinder burns!
Grinder stops burning.
The hobgoblin hits you with a +0 club. Grinder hits you!
Ouch! That really hurt!
You die...

### ... ..# #.#
#.# #.# #.#
#........o #@#
#.........
#g5o.......S#
#..##...).o.#
#..##.......#
##..##.......#.
.......>.......
#### #o# #.#
#<#


You could see Grinder, an orc and a hobgoblin.

Vanquished Creatures
  3 gnolls (D:2)
  3 adders (D:2)
  An ooze (D:1)
  5 worms
  3 dart slugs (D:1)
  2 leopard geckos
  2 orcs (D:3)
  4 giant cockroaches
  A goblin (D:1)
  3 hobgoblins
  6 jackals
  2 ball pythons
  7 bats
  A frilled lizard (D:2)
  4 kobolds
  11 rats
58 creatures vanquished.

Notes
Turn   | Place    | Note
-------+----------+-------------------------------------------
     0 | D:1      | nikopol the Deep Elf Fire Elementalist began the quest for
                  | the Orb.
     0 | D:1      | Reached XP level 1. HP: 10/10 MP: 6/6
   100 | D:1      | Reached XP level 2. HP: 15/15 MP: 4/8
   723 | D:1      | Reached XP level 3. HP: 12/19 MP: 3/9
  1690 | D:2      | Found a faded altar of an unknown god.
  1697 | D:2      | Learned a level 2 spell: Throw Flame
  1701 | D:2      | Learned a level 3 spell: Conjure Flame
  1723 | D:2      | Reached XP level 4. HP: 24/24 MP: 8/11
  2198 | D:1      | Learned a level 4 spell: Sticky Flame
  3101 | D:3      | Noticed Grinder
  3106 | D:3      | Paralysed by Grinder for 6 turns
  3115 | D:3      | Reached XP level 5. HP: 28/28 MP: 2/13
  3285 | D:3      | Paralysed by Grinder for 5 turns
  3288 | D:3      | Slain by Grinder

Levels and vault maps discovered:
D:1:      psy_arrival_statuary, layout_loops_ring
D:2:      layout_loops_ring, chequers_ecumenical_altar_island, first_ration,
          st_stairs_10
D:3:      minmay_recursive_quarters, layout_loops_ring, lemuel_round_altar,
          uniq_sigmund, uniq_grinder

Skill      XL: |  1  2  3  4 |
---------------+-------------+-----
Fire Magic     | 4 |  4.7
Spellcasting   | 4 |  4.3
Dodging        | 3 |  3.0
Conjurations   | 2 |  2.3
Stealth        | |  2.8

Action                   |  1- 3 |  4- 6 || total
-------------------------+-------+-------++-------
 Cast: Flame Tongue      |    82 |    40 ||   122
       Throw Flame       |     2 |    12 ||    14
       Conjure Flame     |       |     4 ||     4
       Sticky Flame      |       |     1 ||     1
  Eat: Chunk             |     2 |     5 ||     7
Armor: Robe              |    10 |     1 ||    11
Dodge: Dodged            |    24 |     9 ||    33

Table legend:
 A = Non-vault XP
 B = Vault XP
 C = Vault XP percentage of total XP
 D = Non-vault monster count
 E = Vault monster count
 F = Vault count percentage of total count
                 A         B        C        D         E       F
            +---------+---------+-------+---------+---------+-------
      Total |     193 |       4 |   2.0 |      55 |       3 |   5.2
            +---------+---------+-------+---------+---------+-------
        D:1 |      59 |       0 |   0.0 |      23 |       0 |   0.0
        D:2 |     124 |       4 |   3.1 |      27 |       3 |  10.0
        D:3 |      10 |       0 |   0.0 |       5 |       0 |   0.0
            +---------+---------+-------+---------+---------+-------
